 Dungeon Crawl Stone Soup version 0.29-a0-284-gf9362112df (webtiles) character file.

Game seed: 11598217969562918332

13818 zazu2006 the Covert (level 12, -8/97 (102) HPs)
             Began as a Naga Hedge Wizard on Mar 19, 2022.
             Was a Priest of Vehumet.
             Killed from afar by a rakshasa (24 damage)
             ... with a lance of force
             ... on level 11 of the Dungeon.
             The game lasted 00:43:21 (17463 turns).

zazu2006 the Covert (Naga Hedge Wizard)            Turns: 17463, Time: 00:43:22

HP:   -8/97 (102)   AC: 10    Str: 16      XL:     12   Next: 10%
MP:   33/34         EV: 11    Int: 24      God:    Vehumet [***...]
Gold: 595           SH: 10    Dex: 10 (11) Spells: 18/29 levels left

rFire   + . .      SeeInvis +   O - +2 short sword (venom)
rCold   + . .      Faith    .   Q - +1 buckler "Imosm" {+Inv rElec Str+2}
rNeg    . . .      Spirit   .   w - +1 steam dragon scales
rPois   +          Reflect  +   R - +2 helmet {SInv}
rElec   +          Harm     .   E - scarf {rC+ rF+}
rCorr   .          Rampage  .   (no gloves)
Will    +....                   (no barding)
Stlth   +++++.....              f - amulet of reflection
HPRegen 0.00/turn               B - ring of magical power
MPRegen 0.24/turn               v - +6 ring of intelligence

@: mighty, inhibited regen, lightly drained, unable to read, very slow
A: AC +4, large, see invisible, deformed body, poison resistance, slowness 2,
spit poison 1, naga tail 1, inhibited regeneration, subdued magic 1, inability
to read while threatened
a: Spit Poison, Renounce Religion, Evoke Invisibility


You were on level 11 of the Dungeon.
You worshipped Vehumet.
Vehumet was most pleased with you.
You visited 2 branches of the dungeon, and saw 12 of its levels.

You collected 866 gold pieces.
You spent 271 gold pieces at shops.

Inventory:

Hand Weapons
 b - a +0 long sword
 D - a +5 vorpal spear
 O - a +2 short sword of venom (weapon)
Missiles
 P - 6 curare-tipped darts
Armour
 w - +1 steam dragon scales (worn)
 x - an orb of guile
 E - a scarf of resistance (worn)
 N - +0 acid dragon scales
 Q - the +1 buckler "Imosm" (worn) {+Inv rElec Str+2}
   (You found it on level 10 of the Dungeon)

   Str:       It affects your strength (+2).
   rElec:     It insulates you from electricity.
   +Inv:      It lets you turn invisible.
 R - a +2 helmet of see invisible (worn)
Magical Staves
 J - a staff of air
Jewellery
 f - an amulet of reflection (around neck)
 g - a ring of resist corrosion
 v - a +6 ring of intelligence (right hand)
 B - a ring of magical power (left hand)
 G - a ring of ice
Wands
 l - a wand of iceblast (9)
 u - a wand of mindburst (19)
 C - a wand of polymorph (12)
 H - a wand of paralysis (2)
 L - a wand of flame (8)
Scrolls
 a - 2 scrolls of acquirement {unknown}
 e - 3 scrolls of enchant armour
 h - 4 scrolls of teleportation
 i - a scroll of fear
 k - 2 scrolls of summoning
 m - 2 scrolls of amnesia
 p - 2 scrolls of magic mapping {unknown}
 q - 2 scrolls of torment
 y - 2 scrolls of holy word
 z - 2 scrolls of blinking
 F - 2 scrolls of noise
 M - 2 scrolls of enchant weapon
 S - a scroll of immolation
Potions
 d - 3 potions of magic
 n - 6 potions of curing
 o - a potion of lignification
 r - a potion of heal wounds
 s - 2 potions of haste
 t - 2 potions of attraction
 A - 2 potions of invisibility
 I - a potion of cancellation


   Skills:
 + Level 4.9 Fighting
 + Level 1.2 Armour
 + Level 5.7 Dodging
 + Level 11.7 Stealth
 * Level 2.6 Shields
 + Level 9.1 Spellcasting
 + Level 7.3 Conjurations
 + Level 1.0 Summonings
 + Level 2.7 Translocations
 + Level 3.5 Fire Magic
 + Level 4.2 Air Magic
 + Level 9.1 Poison Magic
 + Level 0.7 Evocations


You had 18 spell levels left.
You knew the following spells:

 Your Spells              Type           Power      Damage    Failure   Level
a - Magic Dart            Conj           100%       1d8       1%          1
b - Mephitic Cloud        Conj/Pois/Air  34%        N/A       1%          3
c - Conjure Flame         Conj/Fire      28%        6-21      1%          3
d - Blink                 Tloc           36%        N/A       2%          2
e - Scorch                Fire           42%        2d7       1%          2

Your spell library contained the following spells:

 Spells                   Type           Power      Damage    Failure   Level
 Dazzling Flash           Conj/Hex       42%        N/A       1%          3
 Shock                    Conj/Air       100%       1d9       1%          1
 Searing Ray              Conj           70%        2d7       1%          2
 Flame Wave               Conj/Fire      28%        2d8       1%          4
 Spider Form              Tmut/Pois      25%        N/A       2%          3
 Swiftness                Air            24%        N/A       2%          3
 Airstrike                Air            12%        N/A       2%          4
 Fulminant Prism          Conj/Hex       10%        3d9       3%          4
 Pain                     Necr           32%        1d5       5%          1
 Slow                     Hex            32%        N/A       5%          1
 Call Imp                 Summ           12%        N/A       5%          2
 Ensorcelled Hibernation  Hex/Ice        16%        N/A       9%          2
 Anguish                  Hex/Necr       4%         N/A       52%         4
 Agony                    Necr           8%         N/A       87%         5
 Excruciating Wounds      Necr           4%         N/A       87%         5
 Summon Cactus Giant      Summ           6%         N/A       100%        6


Dungeon Overview and Level Annotations

Branches:
Dungeon (11/15)            Temple (1/1) D:4            Lair (0/6) D:11
    Orc: D:9-12

Altars:
Ashenzari
Cheibriados
Dithmenos
Elyvilon
Fedhas
Gozag
Kikubaaqudgha
Makhleb
Ru
Sif Muna
Vehumet
Wu Jian
Xom
Yredelemnul
Zin

Shops:
D:6 (   D:10 *   D:11 ?

Annotations:
D:2 1 runed translucent door, Crazy Yiuf
D:6 1 runed translucent door
D:7 3 runed translucent doors, rabbitsville's ghost, novice SpHu


Innate Abilities, Weirdness & Mutations

Your serpentine skin is tough. (AC +4)
You have supernaturally acute eyesight. (SInv)
Armour fits poorly on your strangely shaped body.
Your system is resistant to poisons. (rPois)
You cover ground very slowly.
You can spit poison.
You have a snake-like lower body.
You do not regenerate when monsters are visible.
Your spells are a little easier to cast, but a little less powerful.
You sometimes lose the ability to read scrolls when taking damage.


Message History

You feel threatened and lose the ability to read scrolls!
Unknown command.
Unknown command.
Unknown command.
Aiming: Polymorph
Press: ? - help, Shift-Dir - straight line, f/p - rakshasa
Aim: a rakshasa, wielding a +0 trident and wearing a +0 robe (lightly wounded, will become a soul eater, a hell hog, or a sun demon, chance to affect: 0%)
Okay, then.
Okay, then.
You cannot read scrolls in your current state!
Unknown command.
It was a potion of cancellation.
Your magical effects are unravelling.
You feel magically purged.
Your magical contamination has completely faded away.
You flicker back into view.
The rakshasa hits you from afar with a +0 trident!
It was a potion of might.
You feel very mighty all of a sudden.
The rakshasa weaves an illusion.
The brown ugly thing shimmers and seems to become two!
You feel much better.
The brown ugly thing bites the brown ugly thing!
The brown ugly thing is splashed with acid.
The brown ugly thing bites the brown ugly thing.
The brown ugly thing is splashed with acid.
The acid corrodes the brown ugly thing!
The rakshasa hits you from afar with a +0 trident!
The brown ugly thing basks in the mutagenic energy from its kin and changes! x2
You block the rakshasa's attack.
You puncture the rakshasa!
The rakshasa is moderately wounded.
The rakshasa gestures at you. The lance of force hits you!
You are knocked back by the lance of force.
You slam into the rock wall!
* * * LOW HITPOINT WARNING * * *
The rakshasa gestures at you. The lance of force hits you!!
You die...

......##..PPPPP.lPP#########..R..
#'#####.PPP.P..>.PP# #.....
............PP...PP# #.....
...<.......P.PPPPPP# #.....
.......#......PP.PP# #.....
....... #.........# #.....
....... ##.....#######+ #.....
####### #.....................!.
#...###@#####...........
#...#.......#...........
#...#.......#...........
#...###.R...##....R.....
########.....#.u....#..........
###............#.u....#.u........
...............######†#..........
..######.........................
..# #..............#######....


You could see 2 ugly things and a rakshasa.

Vanquished Creatures
  3 hydras
  A two-headed ogre (D:8)
  Nergalle (D:10)
  Sonja (D:10)
  2 cyclopes
  Maurice (D:9)
  A komodo dragon (D:11)
  2 kobold demonologists (D:11)
  A troll (D:10)
  Grinder (D:4)
  A hornet (D:9)
  2 shadows
  18 yaks
  A wraith (D:10)
  2 steam dragons
  2 vampire mosquitoes (D:10)
  Menkaure (D:6)
  An acid dragon (D:10)
  A water moccasin (D:8)
  2 ice beasts
  2 sky beasts (D:6)
  An ogre (D:6)
  A centaur (D:8)
  6 bullfrogs
  3 kobold brigands
  3 gnoll sergeants
  7 scorpions
  19 killer bees
  4 howler monkeys
  2 jellies
  7 orc priests
  6 hounds
  6 iguanas
  2 gnoll shamans
  Ijyb (D:3)
  10 orc wizards
  17 gnolls
  7 adders
  A shadow imp (D:8)
  2 white imps
  2 worms
  23 orcs
  5 ball pythons
  5 endoplasms
  10 giant cockroaches
  7 goblins
  9 hobgoblins
  3 quokkas
  11 bats
  4 frilled lizards
  18 kobolds
  7 rats
256 creatures vanquished.

Vanquished Creatures (collateral kills)
  2 killer bees
2 creatures vanquished.

Vanquished Creatures (others)
  9 plants (D:11)
9 creatures vanquished.

Grand Total: 267 creatures vanquished

Notes
Turn   | Place    | Note
-------+----------+-------------------------------------------
     0 | D:1      | zazu2006 the Naga Hedge Wizard began the quest for the Orb.
     0 | D:1      | Reached XP level 1. HP: 15/15 MP: 4/4
   305 | D:1      | Reached XP level 2. HP: 22/22 MP: 1/6
  1623 | D:2      | Reached XP level 3. HP: 30/30 MP: 1/8
  1627 | D:2      | Learned a level 3 spell: Mephitic Cloud
  1631 | D:2      | Learned a level 3 spell: Conjure Flame
  1634 | D:2      | Learned a level 2 spell: Blink
  2424 | D:2      | Identified the +3 scale mail of Vampiric Thralls {rPois
                  | Str+2 SInv}
  2762 | D:2      | Found a runed translucent door.
  2763 | D:2      | Noticed Crazy Yiuf
  2899 | D:3      | Noticed a scorpion
  2991 | D:3      | Found a faded altar of an unknown god.
  3169 | D:3      | Killed a scorpion
  3170 | D:3      | Reached skill level 1 in Poison Magic
  3170 | D:3      | Reached XP level 4. HP: 17/37 MP: 2/10
  3170 | D:3      | Reached XP level 5. HP: 19/43 MP: 2/11
  3379 | D:3      | Noticed Ijyb
  3391 | D:3      | Killed Ijyb
  3392 | D:3      | Reached skill level 4 in Stealth
  4180 | D:4      | Noticed Grinder
  4220 | D:4      | Reached skill level 5 in Stealth
  4257 | D:4      | Found a staircase to the Ecumenical Temple.
  4273 | Temple   | Entered the Ecumenical Temple
  4516 | Temple   | Became a worshipper of Vehumet
  4771 | D:4      | Reached skill level 1 in Fighting
  4771 | D:4      | Reached XP level 6. HP: 44/51 MP: 12/12
  4779 | D:5      | Entered Level 5 of the Dungeon
  4851 | D:5      | Noticed a steam dragon
  4864 | D:5      | Killed a steam dragon
  5041 | D:5      | Reached skill level 1 in Armour
  5048 | D:5      | Reached XP level 7. HP: 5/57 MP: 6/14
  5832 | D:5      | Reached skill level 5 in Spellcasting
  6029 | D:5      | Noticed a yak
  6038 | D:5      | Killed a yak
  6039 | D:5      | Reached skill level 6 in Stealth
  6070 | D:5      | Reached XP level 8. HP: 40/64 MP: 14/16
  6666 | D:6      | Reached skill level 1 in Air Magic
  6666 | D:6      | Reached skill level 5 in Poison Magic
  6807 | D:6      | Noticed Menkaure
  7137 | D:6      | Reached skill level 7 in Stealth
  7150 | D:6      | Learned a level 2 spell: Scorch
  7265 | D:6      | Killed Menkaure
  7489 | D:6      | Found a runed translucent door.
  7491 | D:6      | Found a runed translucent door.
  7521 | D:6      | Found Jiopiynt's Antique Weapon Boutique.
  7913 | D:6      | Reached * piety under Vehumet
  7913 | D:6      | Offered knowledge of Sandblast by Vehumet.
  7946 | D:6      | Reached XP level 9. HP: 57/73 MP: 18/18
  8155 | D:6      | Reached skill level 1 in Fire Magic
  8669 | D:4      | Killed Grinder
  8670 | D:4      | Reached skill level 8 in Stealth
  9415 | D:7      | Reached ** piety under Vehumet
  9415 | D:7      | Offered knowledge of Searing Ray by Vehumet.
  9493 | D:7      | Noticed rabbitsville's ghost (novice SpHu)
  9510 | D:7      | Found a runed translucent gate.
  9510 | D:7      | Found a runed translucent gate.
  9522 | D:7      | Found a runed translucent gate.
 10142 | D:7      | Reached skill level 5 in Conjurations
 10215 | D:7      | Noticed a five-headed hydra
 10223 | D:7      | Killed a five-headed hydra
 10224 | D:7      | Reached XP level 10. HP: 13/84 MP: 21/21
 10560 | D:7      | Noticed a cyclops
 10571 | D:7      | Killed a cyclops
 10572 | D:7      | Reached skill level 9 in Stealth
 11459 | D:8      | Offered knowledge of Stone Arrow by Vehumet.
 11763 | D:8      | Noticed a two-headed ogre
 11886 | D:8      | Killed a two-headed ogre
 12343 | D:8      | Found a white marble altar of Elyvilon.
 12510 | D:9      | Paralysed by a hornet for 1 turns
 12818 | D:9      | Reached *** piety under Vehumet
 13184 | D:9      | Noticed an eight-headed hydra
 13198 | D:9      | Killed an eight-headed hydra
 13199 | D:9      | Reached skill level 10 in Stealth
 13355 | D:9      | Noticed Maurice
 13373 | D:9      | Killed Maurice
 13374 | D:9      | Reached XP level 11. HP: 91/92 MP: 23/23
 14050 | D:10     | Entered Level 10 of the Dungeon
 14508 | D:10     | Noticed Sonja
 14517 | D:10     | Killed Sonja
 14675 | D:10     | Identified the +1 buckler "Imosm" {+Inv rElec Str+2}
 14761 | D:10     | Reached skill level 5 in Dodging
 14846 | D:10     | Found Xeutin's Assorted Antiques.
 14854 | D:10     | Bought a shiny helmet for 232 gold pieces
 15060 | D:10     | Noticed a cyclops
 15130 | D:10     | Killed a cyclops
 15131 | D:10     | Reached skill level 11 in Stealth
 15257 | D:10     | Noticed Nergalle
 15520 | D:10     | Killed Nergalle
 15520 | D:10     | Offered knowledge of Dazzling Flash by Vehumet.
 15521 | D:10     | Reached skill level 1 in Shields
 16521 | D:11     | Found Goul's Magic Scroll Shop.
 16828 | D:11     | Bought a scroll of noise for 13 gold pieces
 16920 | D:11     | Noticed a six-headed hydra
 16930 | D:11     | Killed a six-headed hydra
 16931 | D:11     | Reached XP level 12. HP: 89/102 MP: 25/25
 17039 | D:11     | Noticed a rakshasa
 17076 | D:11     | Bought a scroll of identify for 26 gold pieces
 17253 | D:11     | Gained mutation: Your body sometimes deteriorates upon
                  | taking damage. [a neqoxec]
 17260 | D:11     | Gained mutation: You are weak. (Str -2) [a neqoxec]
 17262 | D:11     | Lost mutation: Your body sometimes deteriorates upon taking
                  | damage. [potion of mutation]
 17262 | D:11     | Lost mutation: You are weak. (Str -2) [potion of mutation]
 17262 | D:11     | Gained mutation: You do not regenerate when monsters are
                  | visible. [potion of mutation]
 17262 | D:11     | Gained mutation: Your spells are a little easier to cast,
                  | but a little less powerful. [potion of mutation]
 17262 | D:11     | Gained mutation: You sometimes lose the ability to read
                  | scrolls when taking damage. [potion of mutation]
 17407 | D:11     | Found a staircase to the Lair.
 17463 | D:11     | Killed from afar by a rakshasa

Illustrated notes

Levels and vault maps discovered:
D:1:      amcnicky_arrival_wind_blow, layout_basic, serial_corexii_hall,
          corexii_hall_statues_i, corexii_hall_statues_i,
          corexii_hall_statues_i, corexii_hall_statues_l
D:2:      layout_loops_corners, uniq_crazy_yiuf_cottage
D:3:      wad_pebble_path, layout_basic, shapermc_ecumenical_altar_acropolis,
          minmay_misc_feat_secret_circle, roderic_batcave, uniq_ijyb
D:4:      layout_rooms, minmay_temple_entry_offerings, uniq_grinder
D:5:      layout_basic, grunt_tough_drop
D:6:      lemuel_insect_pit, layout_basic, serial_shops, shop_statue,
          uniq_menkaure
D:7:      layout_layer_cave, gammafunk_ghost_split, wad_mini_maze
D:8:      layout_cave_pools, nicolae_elyvilon_peaceful_grove
D:9:      layout_basic, st_stairs_9, uniq_maurice
D:10:     layout_loops_corners, serial_shops, nicolae_shop_hallway_stairs,
          uniq_sonja, uniq_nergalle
D:11:     layout_irregular_city, david_lair_shrubbed, serial_shops,
          nicolae_diamond_shop
Temple:   mainiacjoe_temple_trianglar_array

Skill      XL: |  1  2  3  4  5  6  7  8  9 10 11 |
---------------+----------------------------------+-----
Spellcasting   | 4 5 6 7 8 9 |  9.1
Conjurations   | 2 3 4 5 6 7 |  7.3
Poison Magic   | 1 2 3 4 5 7 9 |  9.1
Stealth        | 5 6 7 8 10 11 | 11.7
Fighting       | 1 3 4 |  4.9
Dodging        | 2 3 4 5 |  5.7
Armour         | 1 |  1.2
Air Magic      | 2 3 4 |  4.2
Fire Magic     | 2 3 |  3.5
Translocations | 2 |  2.7
Shields        | 2 |  2.6
Summonings     | |  1.0
Evocations     | |  0.7

Action                   |  1- 3 |  4- 6 |  7- 9 | 10-12 || total
-------------------------+-------+-------+-------+-------++-------
Melee: Dagger            |    20 |    35 |   234 |   188 ||   477
       Punch             |       |     1 |       |       ||     1
       Short sword       |       |       |       |   118 ||   118
 Cast: Magic Dart        |    87 |    67 |   109 |    75 ||   338
       Mephitic Cloud    |       |     3 |    21 |    54 ||    78
       Blink             |       |     1 |     2 |     7 ||    10
       Conjure Flame     |       |       |     3 |    12 ||    15
       Scorch            |       |       |    17 |     6 ||    23
 Abil: Spit Poison       |     7 |     3 |     9 |    11 ||    30
       Evoke Invisibilit |       |       |       |     1 ||     1
Evoke: Wand              |       |       |       |    11 ||    11
  Use: Scroll            |       |       |    10 |    11 ||    21
       Potion            |       |       |       |     7 ||     7
 Stab: Confused          |       |     4 |    14 |    23 ||    41
       Sleeping          |       |       |     3 |     6 ||     9
       Paralysed         |       |       |       |     2 ||     2
Armor: Robe              |     4 |     2 |       |       ||     6
       Leather armour    |       |    10 |       |       ||    10
       Steam dragon scal |       |     2 |    79 |   116 ||   197
       Skin              |       |       |     2 |       ||     2
Dodge: Dodged            |    15 |    19 |   119 |   183 ||   336
Block: Buckler           |       |       |       |    52 ||    52

Table legend: (Time is in decaauts)
 A = Elapsed time spent in this place.
 B = Non-inter-level travel time spent in this place.
 C = Inter-level travel time spent in this place.
 D = Time resting spent in this place.
 E = Time spent auto-exploring this place.
 F = Levels seen in this place.
 G = Mean time per level.
                   A        B        C        D        E       F      G
               +--------+--------+--------+--------+--------+-----+--------+
         Total |  20669 |  20044 |    625 |   1539 |  15596 |  12 | 1722.4 |
       Dungeon |  20300 |  19710 |    590 |   1539 |  15325 |  11 | 1845.5 |
        Temple |    369 |    335 |     34 |      0 |    271 |   1 |  369.0 |
               +--------+--------+--------+--------+--------+-----+--------+

Top non-repeatable levels by time:
     D:7: 2783 daAuts
    D:10: 2413 daAuts
     D:5: 2237 daAuts
     D:1: 1977 daAuts
     D:6: 1956 daAuts
     D:9: 1860 daAuts
     D:2: 1749 daAuts
     D:8: 1570 daAuts
    D:11: 1555 daAuts
     D:3: 1249 daAuts
     D:4: 946 daAuts
  Temple: 369 daAuts
